Unix NetHack Version 3.7.0-53 Work-in-progress - last build Mar 29 2022 22:32:59 (a06c8d0fe304452ee261c5204adf4e5fd2f8e6cc,branch:master). Game began 2022-03-31 04:43:02, ended 2022-03-31 06:07:59. Gandelf, neutral male human Monk ------- ------- |.....|-- |..|g>| |.....+.| |.Z@$.| --|.....|-| |.--b--- |.+.....+.| --1|....---- |.|.....|-| --..|..hf...| |.|.....+.| |...|---....| |.|.....|-- |..[|..|....| |.|------ |..1|...0...| |.| --0.....|....-- |.| |....|..|.....| |.| |....|--|0....| |.| |...-- --.|..| |.| ----- |.---- |.-------------------..| |..^................[..| ------------------------ Gandelf the Initiate St:25 Dx:16 Co:15 In:8 Wi:13 Ch:7 Neutral S:8574 Dlvl:5 $:0 HP:0(62) Pw:43(43) AC:2 Xp:9/2788 T:6438 Latest messages: Tunix misses the manes. Are you sure you want to pray? [yn] (n) y You begin praying to Chih Sung-tzu. You are surrounded by a shimmering light. The ghoul starts to attack you, but pulls back. The gremlin starts to attack you, but pulls back. The gelatinous cube starts to attack you, but pulls back. Tunix bites the gecko. The gecko misses Tunix. The ghoul starts to attack you, but pulls back. The gremlin starts to attack you, but pulls back. The gelatinous cube starts to attack you, but pulls back. The large kobold picks up a dagger. Tunix bites it. The gremlin starts to attack you, but pulls back. Tunix misses the gecko. You finish your prayer. You feel that Chih Sung-tzu is well-pleased. You feel much better. You hit the gremlin! The ghoul hits! You are frozen by the ghoul! The ghoul hits! The gremlin hits! The gremlin hits! The gremlin bites! The gremlin hits! The gelatinous cube touches you! Tunix bites the gecko. Tunix bites the gecko. The gecko is killed! The gremlin hits! The gremlin hits! The gremlin bites! The gremlin hits! The gelatinous cube touches you! Tunix bites it. The ghoul hits! The ghoul hits! The gremlin hits! The gremlin hits! The gremlin bites! The gremlin hits! Tunix bites the dwarf lord. The ghoul hits! The ghoul hits! The gremlin hits! The gremlin hits! You die... Do you want your possessions identified? [ynq] (y) q Major events: Turn 1: Gandelf the neutral male human Monk entered the dungeon 1077: entered the Gnomish Mines 1078: attained the rank of Novice (level 3) 1137: reached Mine Town 1482: attained the rank of Initiate (level 6) 4413: entered Sokoban 4767: completed sokoban 1 5346: completed sokoban 2 5656: completed sokoban 3 6438: killed by a gremlin, while paralyzed by a ghoul Inventory: Weapons x - 5 blessed +1 arrows y - 11 blessed +4 shuriken j - 8 +0 shuriken Armor S - an uncursed +0 dwarvish iron helm (being worn) H - an uncursed +0 pair of gauntlets of power (being worn) F - an uncursed +0 pair of iron shoes U - an uncursed +2 dwarvish roundshield (being worn) I - an uncursed +0 mummy wrapping b - an uncursed +1 robe t - an uncursed +1 Hawaiian shirt with an orchid motif (being worn) Comestibles g - 5 uncursed apples N - an uncursed candy bar labeled "Apollo" f - 6 uncursed food rations B - 4 uncursed food rations i - an uncursed fortune cookie h - 5 uncursed oranges Z - 3 uncursed pancakes O - 2 uncursed tripe rations s - 2 uncursed lichen corpses p - an uncursed lizard corpse Scrolls V - an uncursed scroll of teleportation Spellbooks c - a blessed spellbook of healing Rings Y - a cursed ring of hunger X - an uncursed ring of polymorph control C - an uncursed ring of searching w - an uncursed ring of see invisible Wands E - a wand of enlightenment (0:12) Q - a wand of speed monster (0:7) R - a wand of striking (0:0) M - a wand of teleportation (0:8) Tools L - an uncursed blindfold D - an uncursed pair of lenses (being worn) J - a +0 pick-axe K - an uncursed skeleton key W - an uncursed tin whistle r - an uncursed towel P - an uncursed wax candle Gandelf the Monk's attributes: Background: You were an Initiate, a level 9 male human Monk. You were neutral, on a mission for Chih Sung-tzu who was opposed by Shan Lai Ching (lawful) and Huan Ti (chaotic). You were in Sokoban, on level 5. You entered the dungeon 6438 turns ago. There was a new moon in effect when your adventure ended. You had 2788 experience points, 2332 more were needed to attain level 10. Your score was 8574 before end-of-game adjustments. Basics: You had 0 out of 62 hit points. You had all 43 energy points (spell power). Your armor class was 2. Your wallet was empty. Autopickup was off. Final Characteristics: Your strength was 25 (base:18/02, innate limit:18/100). Your dexterity was 16 (limit:18). Your constitution was 15 (limit:18). Your intelligence was 8 (limit:18). Your wisdom was 13 (limit:18). Your charisma was 7 (limit:18). Final Status: You were not hungry. You were unencumbered. You were empty handed. You were skilled in martial arts. Final Attributes: You were piously aligned. You were sleep resistant. You were poison resistant. You saw invisible. You were warned. You had automatic searching. You were fast. You are dead. Miscellaneous: You never encountered a bones level. Total elapsed playing time was 1 hour, 24 minutes and 57 seconds. Vanquished creatures: a gelatinous cube a tiger 3 tengu an elf mummy a wraith 2 amorous demons 2 wolves a gremlin a leprechaun 2 iron piercers a black light 3 gnome rulers a dwarf mummy a gold golem a Green-elf a lizard a dingo 2 dwarf leaders an ape a Woodland-elf a soldier ant 2 bugbears 3 quasits a wood nymph a Mordor orc 2 Uruk-hai 4 rock piercers a rock mole a fog cloud 3 yellow lights a shrieker 5 gnome leaders a gnomish wizard 2 gray oozes an elf zombie 4 giant ants a kitten 3 dwarves a homunculus 8 hill orcs a rothe 2 giant bats 4 orc zombies 2 dwarf zombies a killer bee an acid blob 2 coyotes 4 hobbits 4 manes a large kobold a hobgoblin 5 giant rats 2 cave spiders a yellow mold a red mold 11 gnomes a garter snake 2 geckos 4 jackals 3 foxes a kobold a goblin a grid bug 3 bats 2 lichens 4 kobold zombies 4 newts 143 creatures vanquished. No species were genocided or became extinct. Voluntary challenges: You never hit with a wielded weapon. You read items or engraved 5 times. You never engraved Elbereth. You never genocided any monsters. You never polymorphed an object. You never changed form. You used no wishes. You did not violate any of the special Sokoban rules. Achievements: You entered the Gnomish Mines. You attained the rank of Novice. You entered Minetown. You entered a shop. You entered a temple. You attained the rank of Initiate. You entered Sokoban. The Dungeons of Doom: levels 1 to 10 Level 1: A fountain. Level 2: Level 3: A fountain. Stairs down to The Gnomish Mines. Level 4: Level 5: A fountain. Level 6: A general store, a sink. Level 7: A fountain. Level 8: Level 9: A throne, a fountain. Stairs up to Sokoban, level 8. Level 10: The Gnomish Mines: levels 4 to 6 Level 4: Level 5: Level 6: Many shops, a temple, some fountains, some trees. Sokoban: levels 8 up to 5 Level 5: <- You were here. Unsolved. Final resting place for you, killed by a gremlin, while paralyzed by a ghoul. Level 6: Solved. Level 7: Solved. Level 8: Solved. Game over: ---------- / \ / REST \ / IN \ / PEACE \ / \ | Gandelf | | 0 Au | | killed by a | | gremlin | | | | | | 2022 | *| * * * | * _________)/\\_//(\/(/\)/\//\/|_)_______ Goodbye Gandelf the Monk... You died in Sokoban on dungeon level 5 with 8574 points, and 0 pieces of gold, after 6438 moves. You were level 9 with a maximum of 62 hit points when you died.